 Dungeon Crawl Stone Soup version 0.31-a0-1338-gb567cfdca4 (webtiles) character file.

Game seed: 13209650793159441180

459 grandjackal the Trooper (level 7, -3/75 HPs)
             Began as an Oni Warper on Dec 22, 2023.
             Slain by an orc
             ... wielding a +0 hand axe
              (5 damage)
             ... on level 5 of the Dungeon.
             The game lasted 00:06:01 (6172 turns).

grandjackal the Trooper (Oni Warper)                Turns: 6172, Time: 00:06:01

Health: -3/75      AC: -5    Str: 16    XL:     7   Next: 6%
Magic:  1/3        EV: 14    Int: 16    God:
Gold:   226        SH:  0    Dex:  8    Spells: 2/10 levels left

rFire   . . .        n - +1 flail (antimagic)
rCold   + . .        (no shield)
rNeg    . . .        b - +0 robe
rPois   .            (helmet restricted)
rElec   .            (no cloak)
rCorr   .            (gloves unavailable)
SInv    .            (boots unavailable)
Will    .....        (no amulet)
Stlth   +            s - +5 ring of evasion
HPRegen 0.32/turn    q - ring of protection from cold
MPRegen 0.08/turn

%: no passive effects
@: corroded, on blink cooldown
A: drunken brawling, large, unfitting armour, horns 1, tough skin 1, double
potion healing
a: no special abilities


You were on level 5 of the Dungeon.
You visited 1 branch of the dungeon, and saw 5 of its levels.

You collected 226 gold pieces.

Inventory:

Hand Weapons
 a - a +0 mace
 n - a +1 antimagic flail (weapon)
Missiles
 d - 7 darts of dispersal (quivered)
 e - 5 poisoned darts
 m - a throwing net
Armour
 b - a +0 robe (worn)
Jewellery
 q - a ring of protection from cold (right hand)
 s - a +5 ring of evasion (left hand)
Wands
 p - a wand of charming (6)
Scrolls
 c - 2 scrolls of blinking
 f - a scroll of poison
 g - 2 scrolls of vulnerability {unknown}
 h - a scroll of teleportation {unknown}
 i - a scroll of enchant armour
 l - a scroll of amnesia
 r - a scroll of brand weapon {unknown}
Potions
 j - 2 potions of heal wounds
 k - 3 potions of curing
 o - a potion of attraction


   Skills:
 + Level 6.0 Fighting
 + Level 4.4 Maces & Flails
 - Level 1.0 Throwing
 - Level 2.1 Dodging
 - Level 2.4 Spellcasting
 + Level 4.5 Translocations


You had 2 spell levels left.
You knew the following spells:

 Your Spells              Type           Power      Damage    Failure   Level
a - Blink                 Tloc           32%        N/A       4%          2
b - Lesser Beckoning      Tloc           32%        N/A       4%          2
c - Manifold Assault      Tloc           16%        N/A       30%         4

Your spell library contained the following spells:

 Spells                   Type           Power      Damage    Failure   Level
 Teleport Other           Tloc           16%        N/A       9%          3
 Frozen Ramparts          Ice            2%         1d1       52%         3
 Vhi's Electric Charge    Tloc/Air       18%        N/A       61%         4
 Leda's Liquefaction      Alch/Erth      0%         N/A       89%         4
 Petrify                  Alch/Erth      1%         N/A       89%         4
 Metabolic Englaciation   Hex/Ice        0%         N/A       99%         5


Dungeon Overview and Level Annotations

Branches:
Dungeon (5/15)
 Temple: D:4-7

Altars:
Nemelex Xobeh

Shops:
D:3 (


Innate Abilities, Weirdness & Mutations

Whenever you drink a potion that restores your health or magic, you attack all enemies around you.
You are too large for most types of armour.
You have a pair of small horns on your head.
You have tough skin. (AC +1)
Whenever you drink a potion that restores your health or magic, it restores twice as much.


Message History

The ufetubus misses you. x2
You barely miss the ufetubus.
The ufetubus is almost dead.
The ufetubus hits you. The ufetubus barely misses you. The jelly hits you.
The acid corrodes you!
You are splashed with acid!
The orc hits you with a +0 hand axe! The ufetubus misses you.
The ufetubus hits you.
You miss the ufetubus.
The ufetubus is almost dead.
The orc barely misses you. The jelly misses you.
The ufetubus barely misses you. The ufetubus completely misses you.
The jelly misses you. The orc hits you with a +0 hand axe.
The ufetubus hits you. The ufetubus closely misses you.
The ufetubus hits you. x2; The orc throws a boomerang.
The boomerang closely misses you. The jelly attacks as it pursues you!
The jelly completely misses you. The ufetubus hits you.
The ufetubus closely misses you. x3
The orc throws a boomerang.
The boomerang hits you. The ufetubus slips past you! The ufetubus hits you.
The ufetubus barely misses you.
You hit the ufetubus but do no damage. Your headbutt misses the ufetubus.
The ufetubus is severely wounded.
The ufetubus closely misses you. The ufetubus barely misses you.
The orc throws a boomerang.
The boomerang hits you.
You barely miss the ufetubus.
The ufetubus is severely wounded.
The ufetubus misses you. The ufetubus barely misses you. The ufetubus hits you.
* * * LOW HITPOINT WARNING * * *
The ufetubus hits you.
* * * LOW HITPOINT WARNING * * *
The orc throws a boomerang.
The boomerang misses you. The jelly hits you.
* * * LOW HITPOINT WARNING * * *
The acid corrodes you!
You are splashed with acid!
* * * LOW HITPOINT WARNING * * *
Casting: Blink (safe; 4% risk of failure)
Confirm with . or Enter, or press ? or * to list all spells.
You blink.
The dart slug launches a dart at you. The slug dart misses you.
The orc hits you with a +0 hand axe.
You die...

#..............##..##.[##
.#+###'##+#....#### ..#
#.....#.)..# ..#
#.....#))..+ ..#
##'####5...# .#
#######.#...J...# +#
#.......#.......#
#[.<....#o.w....+ o.
#.......#@......# .o.
#########.......# ...
......!...# ...
............+ o..
..............# o..
..............# ...
............... ...
#####+####+###. ...


You could see a jelly, a dart slug, an ufetubus and an orc.

Vanquished Creatures
  2 hounds (D:4)
  A jelly (D:5)
  Ijyb (D:3)
  A gnoll bouda (D:4)
  An iguana (D:4)
  Robin (D:3)
  10 gnolls
  3 adders
  3 bombardier beetles
  3 ufetubi (D:4)
  A worm (D:3)
  2 dart slugs (D:2)
  8 orcs
  13 ball pythons
  2 giant cockroaches (D:3)
  14 goblins
  11 hobgoblins
  2 jackals (D:4)
  15 kobolds
  4 quokkas
  7 bats
  5 frilled lizards
  5 rats
115 creatures vanquished.

Notes
Turn   | Place    | Note
-------+----------+-------------------------------------------
     0 | D:1      | grandjackal the Oni Warper began the quest for the Orb.
     0 | D:1      | Reached XP level 1. HP: 22/22 MP: 3/3
   275 | D:1      | Reached skill level 3 in Fighting
   285 | D:1      | Reached XP level 2. HP: 20/31 MP: 5/5
   444 | D:1      | Learned a level 2 spell: Blink
   447 | D:1      | Learned a level 2 spell: Lesser Beckoning
  1098 | D:2      | Reached XP level 3. HP: 17/37 MP: 6/6
  1393 | D:2      | Found a faded altar of an unknown god.
  2282 | D:3      | Reached skill level 4 in Fighting
  2282 | D:3      | Reached XP level 4. HP: 46/48 MP: 7/7
  2446 | D:3      | Noticed Robin
  2467 | D:3      | Killed Robin
  2594 | D:3      | Found a sparkling altar of Nemelex Xobeh.
  2687 | D:3      | Found Ememacow's Antique Weapon Emporium.
  2813 | D:3      | Noticed Ijyb
  2920 | D:3      | Reached XP level 5. HP: 53/55 MP: 2/8
  2936 | D:3      | Learned a level 4 spell: Manifold Assault
  3788 | D:3      | Killed Ijyb
  3789 | D:3      | Reached skill level 5 in Fighting
  3846 | D:3      | Reached XP level 6. HP: 17/66 MP: 3/9
  5180 | D:5      | Entered Level 5 of the Dungeon
  5898 | D:5      | Reached skill level 6 in Fighting
  5898 | D:5      | Reached XP level 7. HP: 46/75 MP: 3/10
  6171 | D:5      | HP: 2/75 [acid (10)]
  6172 | D:5      | Slain by an orc

Illustrated notes

Levels and vault maps discovered:
D:1:      tarquinn_simple_flora_water_c, layout_basic
D:2:      layout_basic, hellmonk_ecumenical_altar_inner_sanctum
D:3:      layout_rooms, nicolae_overflow_hidden_temple, serial_shops, shop,
          serial_rivers, chequers_serial_rivers_micro_b,
          chequers_serial_rivers_small_b, chequers_serial_rivers_micro_a,
          chequers_serial_rivers_micro_d, chequers_serial_rivers_micro_e,
          chequers_serial_rivers_micro_c, uniq_robin, uniq_ijyb
D:4:      cheibrodos_helix_gallery, layout_basic, patterned_corridor
D:5:      layout_gridville, overflow_temple_1_default, minmay_ruined_shrine

Skill      XL: |  1  2  3  4  5  6 |
---------------+-------------------+-----
Fighting       | 3 4 5 6 |  6.0
Translocations | 3 4 |  4.5
Maces & Flails | 3 4 |  4.4
Throwing       | |  1.0
Dodging        | |  2.1
Spellcasting   | |  2.4

Action                     |  1- 3 |  4- 6 |  7- 9 || total
---------------------------+-------+-------+-------++-------
  Melee: Mace              |   136 |    54 |       ||   190
         Headbutt          |    18 |    31 |     3 ||    52
         Punch             |     2 |       |       ||     2
         Flail             |       |   182 |    23 ||   205
   Cast: Blink             |       |     4 |     1 ||     5
    Use: Scroll            |       |     6 |       ||     6
 Armour: Robe              |   116 |   257 |    33 ||   406
  Dodge: Dodged            |    68 |   159 |    49 ||   276

Table legend: (Time is in decaauts)
 A = Elapsed time spent in this place.
 B = Non-inter-level travel time spent in this place.
 C = Inter-level travel time spent in this place.
 D = Time resting spent in this place.
 E = Time spent auto-exploring this place.
 F = Levels seen in this place.
 G = Mean time per level.
                   A        B        C        D        E       F      G
               +--------+--------+--------+--------+--------+-----+--------+
         Total |   6272 |   6044 |    228 |   1809 |   3199 |   5 | 1254.4 |
       Dungeon |   6272 |   6044 |    228 |   1809 |   3199 |   5 | 1254.4 |
               +--------+--------+--------+--------+--------+-----+--------+

Top non-repeatable levels by time:
     D:4: 2293 daAuts
     D:3: 1472 daAuts
     D:2: 1214 daAuts
     D:1: 1091 daAuts
     D:5: 201 daAuts
